Map: Oxide LE

Players

SpeCial - Winner!

  • Race: Terran Terran
  • League: Master

Kelazhur

  • Race: Terran Terran

Event: DreamHack SC2 Masters 2021 Summer

VOD

Have the link to the VOD?

Description

Time

  • Played on: May 22, 2021, 4:01 p.m.
  • Length: 9:26

All games in this series

Show
View Real Time Build Order
Export as new Build Order

SpeCial Terran - Winner!

Build Orders: Reaper Expand 

Get SALT Encoding   

  12  0:00  SCV  
  13  0:12  SCV  
  14  0:16  Supply Depot  
  14  0:24  SCV  
  15  0:38  SCV  
  15  0:40  Barracks  
  15  0:42  Refinery  
  16  0:50  SCV  
  17  1:02  SCV  
  18  1:14  SCV  
  19  1:27  Reaper, Orbital Command  
  20  1:42  Command Center  
  20  1:54  SCV, Supply Depot  
  21  1:59  Marine  
  22  2:06  SCV  
  23  2:09  Factory  
  23  2:14  Refinery  
  23  2:18  SCV  
  23  2:21  Barracks Reactor  
  24  2:30  SCV  
  25  2:42  SCV  
  26  2:53  Starport, Hellion  
  26  2:54  Orbital Command, SCV  
  26  2:57  Marine x2  
  31  3:06  SCV  
  32  3:14  Factory Tech Lab, Marine  
  32  3:15  Marine  
  34  3:21  SCV x2  
  36  3:32  Marine x2  
  36  3:33  SCV  
  36  3:34  SCV  
  40  3:37  Raven  
  40  3:38  Factory Tech Lab  
  40  3:40  Supply Depot  
  42  3:45  SCV  
  42  3:46  SCV  
  44  3:51  Marine  
  44  3:52  Marine  
  46  4:01  SCV, Siege Tank  
  50  4:03  Command Center  
  50  4:05  SCV  
  51  4:10  Supply Depot  
  51  4:13  SCV  
  52  4:18  SCV, Barracks  
  53  4:25  SCV  
  53  4:28  Starport Reactor  
  53  4:29  Stimpack  
  53  4:30  Barracks  
  54  4:32  SCV, Marine  
  54  4:38  SCV  
  57  4:43  Supply Depot  
  57  4:50  Marine  
  57  4:51  SCV x2  
  60  4:53  Refinery  
  60  4:54  Refinery  
  60  4:59  Supply Depot  
  60  5:03  SCV x2  
  60  5:05  Siege Tank  
  60  5:06  Marine x2  
  67  5:07  Marine  
  67  5:08  Supply Depot  
  67  5:13  Medivac  
  70  5:15  SCV  
  70  5:16  Orbital Command  
  71  5:21  SCV  
  71  5:25  Medivac  
  71  5:27  SCV  
  74  5:30  Marine x2  
  74  5:33  SCV, Marine x2  
  78  5:39  SCV, Siege Tank  
  78  5:40  Bunker  
  78  5:41  SCV  
  81  5:45  SCV  
  81  5:47  Marine  
  81  5:49  Engineering Bay  
  83  5:55  Engineering Bay, Supply Depot  
  83  5:59  Marine  
  83  6:00  Marine  
  83  6:03  Marine  
  85  6:10  Marine  
  85  6:11  Siege Tank  
  88  6:13  Viking x2  
  88  6:17  Marine  
  88  6:18  Marine  
  94  6:21  Marine  
  94  6:23  Supply Depot  
  95  6:27  Marine  
  89  6:35  Marine  
  89  6:36  Marine  
  89  6:39  Marine  
  84  6:43  Viking, Siege Tank  
  84  6:45  Marine, Viking  
  89  6:53  Marine  
  89  6:54  Marine  
  91  6:58  Marine  
  92  7:03  Marine  
  93  7:08  Terran Infantry Armor Level 1, Terran Infantry Weapons Level 1  
  93  7:10  SCV x2  
  93  7:11  Marine x2  
  95  7:18  Viking x2  
  99  7:23  Orbital Command  
  99  7:29  Siege Tank, Combat Shield  
  97  7:31  Marine  
  97  7:32  Marine x3  
  97  7:33  SCV x2  
  97  7:36  Orbital Command  
  102  7:45  SCV x2  
  102  7:48  Barracks x2  
  102  7:51  Marine  
  105  7:52  Marine  
  105  7:54  Marine x2  
  105  7:57  SCV  
  105  7:58  SCV  
  110  8:02  SCV  
  111  8:10  SCV x2, Siege Tank  
  116  8:14  SCV  
  116  8:17  Barracks Reactor, Supply Depot x2  
  117  8:23  Marine x3  
  117  8:24  SCV, Medivac x2  
  125  8:27  SCV  
  125  8:35  SCV  
  125  8:38  SCV  
  125  8:39  SCV  
  127  8:41  Marine x3  
  127  8:46  Refinery x2  
  127  8:47  SCV, Supply Depot  
  131  8:50  SCV  
  131  8:51  Barracks Reactor x2  
  131  8:52  SCV  
  131  8:54  Medivac x2  
  137  8:57  Marine x2  
  137  8:59  Marine x2  
  141  9:04  SCV  
  141  9:05  SCV  
  145  9:11  Command Center  
Show
View Real Time Build Order
Export as new Build Order

Kelazhur Terran 

Build Orders:  

Get SALT Encoding   

  12  0:00  SCV  
  13  0:12  SCV  
  14  0:17  Supply Depot  
  14  0:24  SCV  
  15  0:38  SCV  
  15  0:39  Barracks  
  16  0:43  Refinery  
  16  0:50  SCV  
  16  0:53  Refinery  
  17  1:02  SCV  
  18  1:14  SCV  
  19  1:26  Reaper  
  19  1:27  Orbital Command  
  19  1:31  Supply Depot  
  20  1:41  Factory  
  20  1:52  SCV  
  21  1:58  Reaper  
  22  2:04  SCV  
  23  2:15  Command Center  
  23  2:18  SCV  
  24  2:25  Hellion  
  26  2:30  SCV  
  26  2:31  Barracks Reactor  
  27  2:37  Starport  
  27  2:45  SCV  
  27  2:48  Factory Tech Lab  
  28  2:52  Supply Depot  
  28  2:57  SCV  
  29  3:07  Marine x2  
  31  3:13  SCV, Cyclone  
  31  3:14  Starport Tech Lab  
  35  3:23  Refinery  
  35  3:25  SCV  
  36  3:27  Orbital Command  
  36  3:28  Marine  
  36  3:30  Marine  
  38  3:38  SCV  
  39  3:41  Raven  
  39  3:46  Marine  
  39  3:47  Marine  
  43  3:50  SCV  
  43  3:53  SCV  
  45  3:59  Siege Tank  
  45  4:02  SCV  
  49  4:05  SCV, Marine, Supply Depot  
  49  4:06  Marine  
  52  4:14  SCV  
  53  4:17  SCV  
  53  4:19  Supply Depot  
  54  4:24  Supply Depot  
  54  4:27  Raven, Marine x2  
  54  4:29  SCV  
  54  4:30  SCV  
  60  4:41  SCV, Siege Tank  
  60  4:43  SCV  
  65  4:51  Command Center  
  65  4:53  SCV  
  65  4:58  Marine x2  
  68  5:00  SCV  
  68  5:05  SCV, Supply Depot  
  70  5:13  SCV  
  71  5:17  SCV  
  71  5:18  Siege Tank  
  75  5:25  SCV  
  76  5:28  Viking  
  76  5:29  Viking  
  76  5:31  SCV  
  76  5:34  Marine, Supply Depot  
  76  5:35  Stimpack  
  81  5:37  SCV  
  82  5:43  SCV  
  82  5:47  Refinery, Supply Depot  
  82  5:49  SCV  
  84  5:54  Barracks  
  84  5:55  SCV  
  84  5:56  Barracks, Siege Tank  
  88  6:00  Marine  
  88  6:01  SCV  
  90  6:04  Viking  
  90  6:07  SCV  
  93  6:16  Orbital Command, Viking  
  95  6:18  Marine  
  95  6:20  SCV  
  97  6:26  SCV  
  89  6:32  SCV  
  89  6:37  Marine  
  89  6:38  SCV  
  83  6:42  SCV  
  83  6:43  Siege Tank  
  83  6:44  SCV  
  88  6:48  Barracks Reactor  
  88  6:50  SCV  
  89  6:56  Barracks Reactor, Marine  
  89  6:57  SCV  
  89  6:59  SCV  
  92  7:04  Viking  
  91  7:10  SCV  
  91  7:12  SCV  
  91  7:13  SCV  
  91  7:14  Marine  
  91  7:22  SCV  
  92  7:25  SCV, Orbital Command  
  92  7:28  Marine x2  
  95  7:32  Marine  
  96  7:38  SCV  
  97  7:45  Siege Tank  
  97  7:46  Combat Shield  
  97  7:47  SCV  
  97  7:50  SCV  
  97  7:51  Engineering Bay  
  102  7:55  Engineering Bay  
  102  7:57  Marine x2  
  104  8:00  Marine x2  
  104  8:05  SCV  
  106  8:08  SCV  
  106  8:12  SCV  
  108  8:14  Supply Depot  
  108  8:16  Refinery, Medivac x2  
  108  8:17  Refinery, SCV  
  113  8:20  SCV  
  113  8:24  SCV  
  115  8:28  Marine x2  
  115  8:30  Supply Depot  
  117  8:36  SCV x2, Marine x3, Siege Tank  
  125  8:43  SCV  
  125  8:44  Supply Depot x2  
  125  8:48  SCV x2, Barracks  
  125  8:49  Barracks  
  125  8:52  Medivac x2  
  125  8:55  SCV  
  130  8:57  Sensor Tower  
  130  9:00  SCV x2  
  130  9:02  Marine x2  
  124  9:03  Marine x2  
  124  9:07  SCV  
  129  9:12  SCV  
Tags
 
Add a new tag
Caveats
  • Supply blocks, unpowered buildings, or Contaminate may cause inaccurate times.
  • Supply counts are checked every 10 seconds.